 Dungeon Sprint DCSS version 0.30.1-4-g462c640d31 (webtiles) character file.

Game seed: 6028842257490919632

3100 Heoruswealwe the Blocker (level 9, -1/86 HPs)
             Began as a Demigod Fighter on Aug 16, 2023.
             Succumbed to a redback's poison
             ... in the Dungeon (Sprint I: "Red Sonja").
             The game lasted 00:07:25 (1272 turns).

Heoruswealwe the Blocker (Demigod Fighter)          Turns: 1272, Time: 00:07:26

Health: -1/86      AC: 12    Str: 29    XL:     9   Next: 33%
Magic:  11/11      EV: 10    Int: 10    God:
Gold:   328        SH:  6    Dex: 13    Spells: 8/8 levels left

rFire   . . .        a - +0 war axe
rCold   . . .        c - +0 buckler
rNeg    . . .        b - +0 scale mail
rPois   .            g - +2 helmet
rElec   .            (no cloak)
rCorr   .            (no gloves)
SInv    .            (no boots)
Will    .....        (no amulet) Stlth
                     (no ring)
HPRegen 0.34/turn    (no ring)
MPRegen 0.12/turn

%: no teleportation
@: mighty, lethally poisoned (-1 -> -16)
A: high MP 1, forlorn, divine attributes
a: no special abilities


You were in the Dungeon.
You visited 1 branch You collected 610 gold pieces.
You spent 282 gold pieces at shops.

Inventory:

Hand Weapons
 a - a +0 war axe (weapon)
Armour
 b - a +0 scale mail (worn)
 c - a +0 buckler (worn)
 g - a +2 helmet (worn)
Wands
 i - a wand of digging (1)
Scrolls
 f - a scroll of identify
Potions
 h - 2 potions of magic


   Skills:
 + Level 10.8 Fighting
 + Level 10.6 Axes
 + Level 10.8 Armour
 + Level 10.8 Shields


You had 8 spell levels left.
You didn't know any spells.
Your spell library was empty.

Dungeon Overview and Level Annotations

Branches:
Dungeon (1/1)

Shops:
D *


Innate Abilities, Weirdness & Mutations

You have an increased reservoir of magic. (+10% MP)
You shall have no god before yourself.
Your divine heritage dramatically boosts your attributes as you level up.


Message History

The redback is heavily wounded.
You feel extremely sick.
The redback bites you but does no damage.
The redback closely misses you.
You hit the redback.
The redback is heavily wounded.
You feel very sick. The redback bites you.
You are lethally poisoned!
The redback poisons you!
You hit the redback but do no damage.
The redback is heavily wounded.
You feel extremely sick. The redback bites you.
You barely miss the redback.
The redback is heavily wounded.
You feel extremely sick.
The redback bites you but does no damage.
The redback bites you.
Okay, then.
You feel very mighty all of a sudden.
* * * LOW HITPOINT WARNING * * *
You feel extremely sick. You block the redback's attack.
You slash the redback!
The redback is severely wounded.
* * * LOW HITPOINT WARNING * * *
You feel extremely sick.
The redback bites you but does no damage. x2
You completely miss the redback.
The redback is severely wounded.
* * * LOW HITPOINT WARNING * * *
You feel extremely sick.
The redback bites you but does no damage.
You slash the redback!
You kill the redback!
* * * LOW HITPOINT WARNING * * *
You feel very sick.
Okay, then.
You die...

'..#..'..'..#)..##+#
#####'#__####..ss.s#
#...#)####..#####s.+
#..##.#~§~.§#!.# ##
##'#_.'§§~§§§..#
.'..._#~~§..#..#
##_.#'..'#####§###
###+#.#.§[)# #.'$# #
####+### ###@# #§#
#§# #s# +§# #§# #§#


There were no monsters in sight!

Vanquished Creatures
  2 centaur warriors (D)
  An oklob plant (D)
  2 kobold demonologists (D)
  A hornet (D)
  A slime creature (D)
  Sigmund (D)
  A yak (D)
  A redback (D)
  A floating eye (D)
  An ogre (D)
  A jelly (D)
  Ijyb (D)
14 creatures vanquished.

Notes
Turn   | Place    | Note
-------+----------+-------------------------------------------
     0 | D        | Heoruswealwe the Demigod Fighter began the quest for the
                  | Orb.
     0 | D        | Reached XP level 1. HP: 18/18 MP: 3/3
     2 | D        | Noticed Ijyb
    10 | D        | Killed Ijyb
    11 | D        | Reached XP level 2. HP: 27/27 MP: 4/4
    50 | D        | Noticed an ogre
    54 | D        | Killed an ogre
    55 | D        | Reached skill level 5 in Armour
    55 | D        | Reached XP level 3. HP: 12/35 MP: 5/5
    55 | D        | Reached XP level 4. HP: 14/41 MP: 6/6
    59 | D        | Noticed Sigmund
    68 | D        | Killed Sigmund
    69 | D        | Reached skill level 5 in Axes
    69 | D        | Reached XP level 5. HP: 31/50 MP: 7/7
    77 | D        | Noticed a slime creature
    83 | D        | Killed a slime creature
    84 | D        | Reached XP level 6. HP: 52/60 MP: 8/8
    93 | D        | Noticed a kobold demonologist
    94 | D        | Noticed a kobold demonologist
   100 | D        | Noticed a rust devil
   100 | D        | Killed a kobold demonologist
   101 | D        | Reached XP level 7. HP: 57/68 MP: 9/9
   102 | D        | Killed a kobold demonologist
   107 | D        | Noticed a demonic crawler
   107 | D        | Noticed a demonic crawler
   107 | D        | Noticed a demonic crawler
   107 | D        | Noticed a demonic crawler
   266 | D        | Noticed a yak
   266 | D        | Found Acotat Heunt's General Store.
   279 | D        | Killed a yak
   284 | D        | Bought a scroll of enchant armour for 90 gold pieces
   284 | D        | Bought a scroll of enchant armour for 90 gold pieces
   284 | D        | Bought a scroll of identify for 24 gold pieces
   284 | D        | Bought a scroll of identify for 24 gold pieces
   284 | D        | Bought a +0 helmet for 54 gold pieces
   416 | D        | Reached XP level 8. HP: 42/77 MP: 10/10
   559 | D        | Noticed a centaur warrior
   559 | D        | Noticed a centaur warrior
   579 | D        | Killed a centaur warrior
   731 | D        | HP: 2/79 [centaur warrior (4)]
   733 | D        | Killed a centaur warrior
   734 | D        | Reached skill level 10 in Fighting
   734 | D        | Reached skill level 10 in Axes
   734 | D        | Reached skill level 10 in Armour
   734 | D        | Reached skill level 10 in Shields
   734 | D        | Reached XP level 9. HP: 3/85 MP: 11/11
  1000 | D        | Paralysed by a hornet for 2 turns
  1098 | D        | Noticed an oklob plant
  1110 | D        | Killed an oklob plant
  1271 | D        | HP: 3/86 [poisoned by a redback]
  1272 | D        | Succumbed to a redback's poison

Illustrated notes

Levels and vault maps discovered:
D:        dungeon_sprint_1 [red_sonja_temple_1, red_sonja_temple_small_1]

Skill      XL: |  1  2  3  4  5  6  7  8 |
---------------+-------------------------+-----
Fighting       | 3 4 6 7 8 10 | 10.8
Axes           | 3 4 5 6 7 8 10 | 10.6
Armour         | 3 5 6 7 8 10 | 10.8
Shields        | 3 4 6 7 8 10 | 10.8

Action                     |  1- 3 |  4- 6 |  7- 9 || total
---------------------------+-------+-------+-------++-------
  Melee: War axe           |    10 |    19 |    52 ||    81
  Evoke: Wand              |       |       |     3 ||     3
    Use: Potion            |     3 |     2 |     3 ||     8
         Scroll            |       |       |     4 ||     4
 Armour: Scale mail        |     3 |     6 |    22 ||    31
  Dodge: Dodged            |     2 |       |    15 ||    17
  Block: Buckler           |       |     2 |    15 ||    17
